 Dungeon Crawl Stone Soup version 0.25-a0-834-g55863b0 (webtiles) character file.

Game seed: 9148022295886525818, levelgen mode: deterministic

4018 BlueFish the Thaumaturge (level 10, -10/71 HPs)
             Began as a Mummy Wizard on Apr 22, 2020.
             Was a Priest of Kikubaaqudgha.
             Mangled by an orc warrior
             ... wielding a +0 trident
              (15 damage)
             ... on level 9 of the Dungeon.
             The game lasted 00:25:02 (9584 turns).

BlueFish the Thaumaturge (Mummy Wizard)             Turns: 9584, Time: 00:25:03

Health: -10/71     AC:  3    Str: 10    XL:     10   Next: 3%
Magic:  1/25       EV: 17    Int: 21    God:    Kikubaaqudgha [***...]
Gold:   298        SH:  0    Dex: 11    Spells: 7/31 levels left

rFire    x . .     SeeInvis .   w - staff of death
rCold    + . .     Gourm    .   (no shield)
rNeg     + + +     Faith    .   a - +0 robe
rPois    ∞         Spirit   .   b - +0 hat
rElec    .         Reflect  .   (no cloak)
rCorr    .         Harm     .   t - +0 pair of gloves
MR       +....                  (no boots)
Stlth    +++.......             c - amulet of magic regeneration
HPRegen  0.21/turn              d - ring of wizardry
MPRegen  0.44/turn              q - +4 ring of evasion

@: no status effects
A: no food or potions, fire vulnerability, cold resistance 1, negative energy
resistance 3, torment resistance, unbreathing
a: Receive Corpses, Renounce Religion


You were on level 9 of the Dungeon.
You worshipped Kikubaaqudgha.
Kikubaaqudgha was most pleased with you.
You were not hungry.

You visited 1 branch of the dungeon, and saw 9 of its levels.

You collected 298 gold pieces.

Inventory:

Hand Weapons
 e - a +0 quarterstaff
 o - a +0 whip of electrocution
Armour
 a - a +0 robe (worn)
 b - a +0 hat (worn)
 t - a +0 pair of gloves (worn)
Magical Staves
 w - an uncursed staff of death (weapon)
Jewellery
 c - an amulet of magic regeneration (around neck)
 d - a ring of wizardry (left hand)
 f - an uncursed amulet of the gourmand {unknown}
 q - a +4 ring of evasion (right hand)
 r - an uncursed ring of resist corrosion
Wands
 n - a wand of random effects (12)
 y - a wand of flame (22)
Scrolls
 g - 4 scrolls of magic mapping
 h - 2 scrolls of fog
 i - 5 scrolls of teleportation
 j - 2 scrolls of enchant armour
 k - 2 scrolls of amnesia
 l - 7 scrolls of remove curse
 m - 2 scrolls of blinking
 p - 2 scrolls of enchant weapon
 s - 3 scrolls of identify
 u - a scroll of noise
 v - a scroll of fear
 x - a scroll of torment {unknown}


   Skills:
 * Level 4.1 Fighting
 + Level 1.1(2.1) Maces & Flails
 * Level 2.6(2.8) Staves
 * Level 4.0 Dodging
 * Level 4.5 Stealth
 * Level 11.4 Spellcasting
 + Level 3.1 Conjurations
 + Level 1.6 Summonings
 * Level 3.3 Necromancy
 + Level 1.1 Translocations
 + Level 1.4 Air Magic
 + Level 0.8 Poison Magic
 * Level 2.1 Evocations


You had 7 spell levels left.
You knew the following spells:

 Your Spells              Type           Power        Failure   Level  Hunger
a - Pain                  Necr           ####         1%          1    N/A
b - Blink                 Tloc           N/A          2%          2    N/A
c - Call Imp              Summ           ###.....     1%          2    N/A
d - Slow                  Hex            ##......     3%          2    N/A
e - Mephitic Cloud        Conj/Pois/Air  ###.....     3%          3    N/A
f - Magic Dart            Conj           ####         1%          1    N/A
g - Vampiric Draining     Necr           #####.....   1%          3    N/A
h - Corpse Rot            Necr/Air       N/A          1%          2    N/A
i - Dispel Undead         Necr           #####...     6%          4    N/A
j - Animate Dead          Necr           N/A          6%          4    N/A

Your spell library contained the following spells:

 Spells                   Type           Power        Failure   Level  Hunger
 Animate Skeleton         Necr           N/A          1%          1    N/A
 Corona                   Hex            ##.....      2%          1    N/A
 Ensorcelled Hibernation  Hex/Ice        ##....       3%          2    N/A
 Conjure Flame            Conj/Fire      ###.....     3%          3    N/A
 Dazzling Flash           Conj/Hex       ###...       3%          3    N/A
 Portal Projectile        Hex/Tloc       ##....       5%          3    N/A
 Confusing Touch          Hex            ##......     7%          3    N/A
 Inner Flame              Hex/Fire       ##......     7%          3    N/A
 Tukima's Dance           Hex            ##......     7%          3    N/A
 Cause Fear               Hex            ##........   22%         4    N/A
 Leda's Liquefaction      Hex/Erth       ##........   22%         4    N/A
 Borgnjor's Vile Clutch   Necr/Erth      ####......   30%         5    N/A
 Excruciating Wounds      Chrm/Necr      ####......   30%         5    N/A
 Death Channel            Necr           #####.....   61%         6    N/A

Dungeon Overview and Level Annotations

Branches:
Dungeon (9/15)             Temple (0/1) D:7
   Lair: D:8-11         Orc: D:9-12

Altars:
Cheibriados
Dithmenos
Elyvilon
Kikubaaqudgha
Makhleb
Ru
Trog
Vehumet
Wu Jian
Xom
Yredelemnul
The Shining One

Shops:
D:7 (*   D:8 !

Annotations:
D:4 1 runed translucent door, gowby's ghost, amateur BaSk


Innate Abilities, Weirdness & Mutations

You do not eat or drink.
Your flesh is vulnerable to fire.
You are immune to poison.
Your flesh is cold resistant. (rC+)
You are immune to negative energy. (rN+++)
You are immune to unholy pain and torment.
You can survive without breathing.


Message History

Aim: a jackal You feel a surge of power!
The jackal is almost dead.
You feel life coursing into your body.
The orc wizard closely misses the orc warrior.
The orc closely misses the orc warrior.
The jackal misses you.
The orc warrior hits you from afar with a +0 trident!!
* * * LOW HITPOINT WARNING * * *
Casting: Vampiric Draining (safe; 1% risk of failure)
Confirm with . or Enter, or press ? or * to list all spells.
Aiming: Vampiric Draining (safe; 1% risk of failure)
Press: ? - help, Shift-Dir - straight line, f/p - jackal
Aim: a jackal (almost dead)
You feel a surge of power!
You kill the jackal!
Kikubaaqudgha accepts your kill.
You feel life coursing into your body.
The orc warrior hits you from afar with a +0 trident!
You die...
Kikubaaqudgha rasps: "You have failed me!
Welcome... oblivion!"

### ###.. #%F.. ##...#
######....# #....##
#.......... # #...#
#.......... #..#.#.o@#
#...#.o.... #.....))####
#..#......
#......o.?.######.Oo.....
.............##.o........
............o##.oo..##...
.............o.o#........
...............###.......
#..............###.......
#........#.....##........


You could see an orc warrior, a bullfrog (confused) and an orc (confused).

Vanquished Creatures
  Harold (D:7)
  A hippogriff (D:8)
  A hungry ghost (D:7)
  A black bear (D:6)
  2 orc warriors
  2 sky beasts
  2 ogres
  2 centaurs
  A big kobold (D:8)
  4 bullfrogs
  A wyvern skeleton (D:9)
  4 scorpions
  5 killer bees (D:7)
  4 howler monkeys
  3 wights (D:5)
  3 crimson imps
  A bullfrog zombie (D:6)
  3 orc wizards
  3 hounds
  A jelly (D:6)
  3 orc priests
  A centaur skeleton (D:6)
  2 iguanas (D:5)
  Jessica (D:3)
  Natasha (D:3)
  4 worker ants
  Terence (D:3)
  Robin (D:4)
  4 gnolls (D:6)
  20 adders
  A shadow imp (D:5)
  A worm (D:5)
  4 dart slugs
  4 leopard geckos
  46 orcs
  6 giant cockroaches
  15 goblins
  11 hobgoblins
  6 jackals
  18 kobolds
  4 quokkas
  A ball python (D:7)
  6 bats
  4 frilled lizards
  A quokka zombie (D:5)
  10 rats
221 creatures vanquished.

Vanquished Creatures (collateral kills)
  Sigmund (D:2)
  2 wights (D:5)
  A crimson imp (D:7)
  An orc priest (D:5)
  An orc wizard (D:5)
  Natasha (twice) (D:3)
  An adder (D:3)
  A worm (D:2)
  A dart slug (D:1)
  An orc (D:5)
  A giant cockroach (D:1)
  A hobgoblin (D:2)
  A jackal (D:1)
  A goblin (D:1)
16 creatures vanquished.

Vanquished Creatures (others)
  A killer bee (D:7)
1 creature vanquished.

Grand Total: 238 creatures vanquished

Notes
Turn   | Place    | Note
-------+----------+-------------------------------------------
     0 | D:1      | BlueFish the Mummy Wizard began the quest for the Orb.
     0 | D:1      | Reached XP level 1. HP: 13/13 MP: 5/5
    89 | D:1      | Reached skill level 1 in Conjurations
   214 | D:1      | Reached XP level 2. HP: 19/19 MP: 0/7
   218 | D:1      | Learned a level 2 spell: Blink
   221 | D:1      | Learned a level 2 spell: Call Imp
   224 | D:1      | Learned a level 2 spell: Slow
   251 | D:1      | You fall into a shaft and drop 1 floor!
  1075 | D:1      | Reached XP level 3. HP: 24/25 MP: 3/9
  1080 | D:1      | Learned a level 3 spell: Mephitic Cloud
  1173 | D:2      | Reached skill level 5 in Spellcasting
  1623 | D:2      | Found a faded altar of an unknown god.
  1637 | D:2      | Noticed Sigmund
  1646 | D:2      | HP: 1/25 [Sigmund/+0 scythe (21)]
  1647 | D:2      | Killed Sigmund
  1647 | D:2      | Reached skill level 1 in Fighting
  1647 | D:2      | Reached skill level 6 in Spellcasting
  1647 | D:2      | Reached skill level 1 in Summonings
  1647 | D:2      | Reached XP level 4. HP: 1/32 MP: 3/12
  1647 | D:2      | Reached XP level 5. HP: 1/37 MP: 3/13
  2247 | D:2      | Found a glowing golden altar of the Shining One.
  2247 | D:2      | Found a snail-covered altar of Cheibriados.
  2503 | D:3      | Noticed Terence
  2689 | D:3      | Killed Terence
  2734 | D:3      | Reached XP level 6. HP: 43/44 MP: 8/15
  2785 | D:3      | Noticed Jessica
  2788 | D:3      | Killed Jessica
  2788 | D:3      | Reached skill level 1 in Staves
  3020 | D:3      | Noticed Natasha
  3033 | D:3      | Killed Natasha
  3035 | D:3      | Noticed Natasha
  3039 | D:3      | Killed Natasha
  3049 | D:3      | Noticed Natasha
  3069 | D:3      | Killed Natasha
  3586 | D:4      | Found a runed translucent door.
  3589 | D:4      | Noticed gowby's ghost (amateur BaSk)
  3589 | D:4      | Noticed a two-headed ogre
  3606 | D:4      | Noticed Robin
  3623 | D:4      | Killed Robin
  3679 | D:4      | Found an ancient bone altar of Kikubaaqudgha.
  3690 | D:4      | Reached skill level 7 in Spellcasting
  3696 | D:4      | Became a worshipper of Kikubaaqudgha
  4134 | D:4      | Reached XP level 7. HP: 50/50 MP: 17/17
  4176 | D:4      | Found a white marble altar of Elyvilon.
  4178 | D:4      | Found a white marble altar of Elyvilon.
  4178 | D:4      | Found a shadowy altar of Dithmenos.
  4180 | D:4      | Found a shimmering altar of Xom.
  4180 | D:4      | Found a sacrificial altar of Ru.
  4180 | D:4      | Found a basalt altar of Yredelemnul.
  4273 | D:5      | Entered Level 5 of the Dungeon
  4931 | D:5      | Reached skill level 8 in Spellcasting
  5781 | D:5      | Noticed a two-headed ogre
  5796 | D:5      | Reached * piety under Kikubaaqudgha
  5796 | D:5      | Identified Kikubaaqudgha's Incunabulum of Dark Arts
                  | (Kikubaaqudgha gifted it to you on level 5 of the Dungeon)
  5796 | D:5      | Received a gift from Kikubaaqudgha
  5846 | D:5      | Reached skill level 1 in Air Magic
  5846 | D:5      | Reached XP level 8. HP: 5/57 MP: 7/20
  6305 | D:6      | Reached skill level 1 in Translocations
  6429 | D:6      | Reached skill level 1 in Maces & Flails
  6509 | D:6      | Reached skill level 9 in Spellcasting
  6698 | D:6      | Learned a level 1 spell: Pain
  6702 | D:6      | Learned a level 3 spell: Vampiric Draining
  6705 | D:6      | Learned a level 2 spell: Corpse Rot
  7185 | D:6      | Got a smoking scale mail
  7439 | D:6      | Reached ** piety under Kikubaaqudgha
  7439 | D:6      | Reached skill level 1 in Necromancy
  7536 | D:7      | Found a bloodstained altar of Trog.
  7536 | D:7      | Found Ocropsol's Assorted Antiques.
  7706 | D:7      | Reached XP level 9. HP: 43/64 MP: 16/22
  7744 | D:7      | Reached skill level 10 in Spellcasting
  7847 | D:7      | Noticed Harold
  7867 | D:7      | Killed Harold
  7867 | D:7      | Reached skill level 1 in Evocations
  8103 | D:7      | Reached skill level 11 in Spellcasting
  8166 | D:7      | Found a burning altar of Makhleb.
  8215 | D:7      | Found a staircase to the Ecumenical Temple.
  8467 | D:7      | Found Nerej's Antique Weapon Emporium.
  8585 | D:8      | Got a distressingly furry ring mail
  8833 | D:8      | Found an ornate altar of the Wu Jian Council.
  8949 | D:8      | Found a radiant altar of Vehumet.
  9056 | D:8      | Found Vipsiore's Distillery.
  9130 | D:8      | Reached *** piety under Kikubaaqudgha
  9130 | D:8      | Identified Kikubaaqudgha's Reference Book on Stolen Souls
                  | (Kikubaaqudgha gifted it to you on level 8 of the Dungeon)
  9130 | D:8      | Received a gift from Kikubaaqudgha
  9171 | D:8      | Learned a level 4 spell: Dispel Undead
  9176 | D:8      | Learned a level 4 spell: Animate Dead
  9566 | D:9      | Reached XP level 10. HP: 71/71 MP: 23/25
  9584 | D:9      | Mangled by an orc warrior

Levels and vault maps discovered:
D:1:      nzn_arrival_settlement, layout_loops_ring
D:2:      cheibrodos_helix_gallery, layout_loops_ring,
          gammafunk_temple_overflow_wave,
          chequers_ecumenical_altar_simple_redux, kennysheep_another_room,
          uniq_sigmund
D:3:      layout_rooms, first_ration, uniq_terence, uniq_natasha, uniq_jessica
D:4:      layout_basic, kiku_gazebo_garden_becter, ebering_ghost_inner_flame,
          doesnt_xom_only_xom, uniq_robin
D:5:      layout_cave_pods, minivault_24
D:6:      layout_rooms, water_maze_lemuel
D:7:      layout_cave_pools, bloody_trog, temple_green, serial_shops,
          kennysheep_mini_moat, shop, bloody_makhleb, uniq_harold
D:8:      layout_cave_pools, marbit_many_paths, vehumet_altar_wand_db,
          serial_shops, shop, special_room [special_room_orc]
D:9:      layout_cave_pools

Skill      XL: |  1  2  3  4  5  6  7  8  9 10 |
---------------+-------------------------------+-----
Conjurations   | 1 2 3 |  3.1
Spellcasting   | 6 7 8 9 11 | 11.4
Fighting       | 1 2 3 4 |  4.1
Dodging        | 2 3 4 |  4.0
Stealth        | 2 3 4 |  4.5
Summonings     | 1 |  1.6
Staves         | 1 2 |  2.6
Air Magic      | 1 |  1.4
Translocations | 1 |  1.1
Maces & Flails | 1 |  1.1
Necromancy     | 1 3 |  3.3
Evocations     | 1 2 |  2.1
Poison Magic   | |  0.8

Action                   |  1- 3 |  4- 6 |  7- 9 | 10-12 || total
-------------------------+-------+-------+-------+-------++-------
Melee: Spear             |     7 |       |       |       ||     7
       Short sword       |     4 |       |       |       ||     4
       Quarterstaff      |     5 |    47 |       |       ||    52
       Whip              |       |    28 |   137 |       ||   165
       Staff             |       |       |   158 |     8 ||   166
 Cast: Magic Dart        |   112 |    97 |   133 |       ||   342
       Call Imp          |     9 |     4 |    21 |       ||    34
       Mephitic Cloud    |     1 |    22 |    28 |     3 ||    54
       Blink             |       |       |     6 |       ||     6
       Pain              |       |       |    73 |       ||    73
       Vampiric Draining |       |       |    40 |     7 ||    47
       Dispel Undead     |       |       |     2 |       ||     2
  Use: Scroll            |     4 |     2 |     6 |       ||    12
 Stab: Distracted        |     1 |       |     1 |       ||     2
       Confused          |       |     8 |     6 |       ||    14
Armor: Robe              |     3 |    17 |    40 |       ||    60
Dodge: Dodged            |    26 |    58 |   293 |    17 ||   394

Table legend:
 A = Non-vault XP
 B = Vault XP
 C = Vault XP percentage of total XP
 D = Non-vault monster count
 E = Vault monster count
 F = Vault count percentage of total count
                 A         B        C        D         E       F
            +---------+---------+-------+---------+---------+-------
      Total |    4106 |    1634 |  28.5 |     190 |      48 |  20.2
            +---------+---------+-------+---------+---------+-------
        D:1 |      40 |       0 |   0.0 |      24 |       0 |   0.0
        D:2 |      70 |     151 |  68.3 |      25 |       3 |  10.7
        D:3 |     256 |      96 |  27.3 |      31 |       3 |   8.8
        D:4 |     106 |      27 |  20.3 |       7 |      13 |  65.0
        D:5 |     700 |       0 |   0.0 |      25 |       0 |   0.0
        D:6 |    1158 |       0 |   0.0 |      35 |       0 |   0.0
        D:7 |     954 |     992 |  51.0 |      17 |       1 |   5.6
        D:8 |     425 |     368 |  46.4 |      10 |      28 |  73.7
        D:9 |     397 |       0 |   0.0 |      16 |       0 |   0.0
            +---------+---------+-------+---------+---------+-------
